 Dungeon Crawl Stone Soup version 0.28-a0-8-g6e044cfa68 (webtiles) character file.

Game seed: 1920657034992569624

659 Gwenloh the Slasher (level 7, 0/52 HPs)
             Began as a Human Fighter on July 24, 2021.
             Was a Priest of Cheibriados.
             Splashed by a jelly's acid (10 damage)
             ... on level 5 of the Dungeon.
             The game lasted 00:14:59 (5324 turns).

Gwenloh the Slasher (Human Fighter)                 Turns: 5324, Time: 00:15:01

Health: 0/52       AC:  7    Str: 22    XL:     7   Next: 86%
Magic:  8/8        EV:  7    Int: 15    God:    Cheibriados [***...]
Gold:   209        SH: 10    Dex: 20    Spells: 6/6 levels left

rFire   . . .      SeeInvis .   a - +0 scimitar
rCold   . . .      Faith    .   c - +0 kite shield
rNeg    . . .      Spirit   .   r - +0 scale mail
rPois   .          Reflect  .   (no helmet)
rElec   .          Harm     .   (no cloak)
rCorr   .          Rampage  .   p - +2 pair of gloves
Will    .....                   l - +0 pair of boots
Stlth   ..........              (no amulet)
HPRegen 0.17/turn               (no ring)
MPRegen 0.11/turn               (no ring)

@: corroded, very slow
A: no striking features
a: Renounce Religion, Bend Time, Temporal Distortion


You were on level 5 of the Dungeon.
You worshipped Cheibriados.
Cheibriados was most pleased with you.
You visited 1 branch of the dungeon, and saw 5 of its levels.
You also visited: Sewer.

You collected 209 gold pieces.

Inventory:

Hand Weapons
 a - a +0 scimitar (weapon)
 b - a +0 hunting sling
 d - a +0 long sword
 A - a +4 spear
Missiles
 e - 79 stones (quivered)
 k - 54 sling bullets
 n - 13 poisoned darts
 B - 5 atropa-tipped darts
Armour
 c - a +0 kite shield (worn)
 l - a +0 pair of boots (worn)
 p - a +2 pair of gloves (worn)
 r - a +0 scale mail (worn)
 s - a +0 helmet
Jewellery
 D - an amulet of guardian spirit
Wands
 u - a wand of flame (12)
 x - a wand of paralysis (11)
 y - a wand of charming (8)
Scrolls
 g - 3 scrolls of teleportation
 j - 2 scrolls of noise {unknown}
 o - 2 scrolls of enchant armour {unknown}
 q - 2 scrolls of immolation {unknown}
 v - a scroll of fear {unknown}
 w - a scroll of acquirement {unknown}
 C - 2 scrolls of blinking {unknown}
Potions
 f - a potion of brilliance
 z - 5 potions of flight


   Skills:
 - Level 3.0 Fighting
 * Level 6.6 Long Blades
 + Level 5.2 Armour
 - Level 3.0 Shields
 + Level 1.8 Invocations


You had 6 spell levels left.
You didn't know any spells.
Your spell library was empty.

Dungeon Overview and Level Annotations

Branches:
Dungeon (5/15)              Sewer (visited)
 Temple: D:4-7

Altars:
Ashenzari
Cheibriados
Dithmenos
Hepliaklqana
Kikubaaqudgha
Nemelex Xobeh
Sif Muna


Message History

Something hits you but does no damage.
Okay, then.
As you read the scroll of teleportation, it crumbles to dust.
You feel strangely unstable. The orc hits you with a +0 whip.
* * * LOW HITPOINT WARNING * * *
Something hits you but does no damage.
You slash the orc!
You kill the orc!
Cheibriados appreciates the change of pace.
Something hits you but does no damage.
Your surroundings suddenly seem different.
There is a stone staircase leading up here.
You start resting.
HP restored.
A jelly comes into view.
Found an agate ring.
You block the jelly's attack. The jelly hits you.
You are splashed with acid.
You hit the jelly but do no damage.
Your hands burn!
You block the jelly's attack. The jelly hits you.
You are splashed with acid!
You hit the jelly.
Your hands burn!
The jelly is moderately wounded.
The jelly barely misses you.
You hit the jelly.
Your hands burn!
The jelly is moderately wounded.
The jelly hits you but does no damage.
You hit the jelly.
Your hands burn!
The jelly is heavily wounded.
The jelly hits you but does no damage. You block the jelly's attack.
You hit the jelly but do no damage. The acid corrodes you!
Your hands burn!
* * * LOW HITPOINT WARNING * * *
The jelly is heavily wounded.
You block the jelly's attack.
You hit the jelly.
Your hands burn!
* * * LOW HITPOINT WARNING * * *
The jelly is heavily wounded.
The jelly hits you.
* * * LOW HITPOINT WARNING * * *
You are splashed with acid!
You die...

.# . .##. ## ###
#####... #. #.. .
##.....# #. #.#
#.##......## ##
####.###
#..........#####
#......##
#=.@...#.#..#
#.#.....#
##.J.).#.#..#
#.#..#..#
#######..#.#..#
#.#.....#
#........#.#..#
#<#.#...#
#.....<.......########
#.#.#...#
#.......##.#####......
#.......# #.......##.#
#...... #####.###
#.......##.# ###......
#.#
#.......##.###.#.#####


You could see a jelly.

Vanquished Creatures
  A necrophage (D:4)
  A scorpion (D:5)
  3 hounds
  An orc priest (D:5)
  Natasha (thrice) (D:3)
  A merfolk siren (Sewer)
  A merfolk avatar (Sewer)
  An orc wizard (D:3)
  3 gnolls (D:3)
  A howler monkey skeleton (D:5)
  5 adders
  4 river rats (Sewer)
  2 adder skeletons (D:4)
  3 worms
  3 dart slugs
  9 orcs
  6 bats
  5 endoplasms
  3 giant cockroaches
  7 goblins
  4 hobgoblins
  3 jackals (D:1)
  4 kobolds
  6 quokkas
  11 ball pythons
  8 frilled lizards
  26 rats
125 creatures vanquished.

Notes
Turn   | Place    | Note
-------+----------+-------------------------------------------
     0 | D:1      | Gwenloh the Human Fighter began the quest for the Orb.
     0 | D:1      | Reached XP level 1. HP: 18/18 MP: 1/1
   293 | D:1      | Reached XP level 2. HP: 24/24 MP: 2/2
   829 | D:2      | Reached XP level 3. HP: 28/29 MP: 3/3
   870 | D:2      | Reached skill level 3 in Long Blades
  1703 | D:3      | Noticed Natasha
  1715 | D:3      | Killed Natasha
  1716 | D:3      | Reached XP level 4. HP: 8/35 MP: 4/4
  2002 | D:3      | Reached skill level 4 in Long Blades
  2009 | D:3      | Reached XP level 5. HP: 38/41 MP: 5/5
  2158 | D:3      | Found a snail-covered altar of Cheibriados.
  2247 | D:3      | Became a worshipper of Cheibriados the Contemplative
  2441 | D:3      | Noticed Natasha
  2466 | D:3      | Killed Natasha
  2652 | D:3      | Noticed Natasha
  2660 | D:3      | Killed Natasha
  2661 | D:3      | Reached skill level 5 in Long Blades
  2661 | D:3      | Reached XP level 6. HP: 41/47 MP: 6/6
  2912 | D:4      | Reached * piety under Cheibriados
  3207 | D:4      | Found a sparkling altar of Nemelex Xobeh.
  3403 | D:4      | Noticed a necrophage
  3413 | D:4      | Killed a necrophage
  3414 | D:4      | Reached XP level 7. HP: 48/52 MP: 7/7
  3551 | D:4      | Found a shadowy altar of Dithmenos.
  3551 | D:4      | Found an ancient bone altar of Kikubaaqudgha.
  3560 | D:4      | Found a shimmering blue altar of Sif Muna.
  3561 | D:4      | Found a hazy altar of Hepliaklqana.
  3564 | D:4      | Found a broken altar of Ashenzari.
  3697 | D:5      | Entered Level 5 of the Dungeon
  3740 | D:5      | Found a glowing drain.
  3776 | Sewer    | Entered a sewer
  3904 | Sewer    | Reached ** piety under Cheibriados
  3919 | Sewer    | Reached skill level 6 in Long Blades
  4153 | Sewer    | Reached skill level 5 in Armour
  4244 | Sewer    | Reached skill level 1 in Invocations
  4638 | D:5      | Reached *** piety under Cheibriados
  4729 | D:5      | HP: 1/52 [poisoned by a scorpion]
  5032 | D:5      | HP: 2/52 [orc (4)]
  5324 | D:5      | Splashed by a jelly's acid

Illustrated notes

Levels and vault maps discovered:
D:1:      minmay_arrival_shattered_statue, layout_loops_ring
D:2:      minmay_evil_eye, layout_basic, serial_glass, glass_columns_a,
          glass_columns_a, glass_columns_a, glass_columns_b,
          kennysheep_generic_room_14
D:3:      layout_basic, cheibriados_altar_1, uniq_natasha
D:4:      layout_basic, minitemple, nemelex_xobeh_ov_fountains_minmay,
          minmay_misc_feat_ornament
D:5:      layout_loops_cross, marbit_many_paths, cheibrodos_sewer_entry_drain

Skill      XL: |  1  2  3  4  5  6  7 |
---------------+----------------------+-----
Long Blades    | 3 4 5 6 |  6.6
Armour         | 4 5 |  5.2
Invocations    | 1 |  1.8
Fighting       | |  3.0
Shields        | |  3.0

Action                   |  1- 3 |  4- 6 |  7- 9 || total
-------------------------+-------+-------+-------++-------
Melee: Long sword        |    99 |    75 |       ||   174
       Scimitar          |       |    27 |   109 ||   136
 Fire: Hunting sling     |       |    46 |    64 ||   110
Throw: Stone             |    61 |       |       ||    61
       Dart              |     2 |    20 |     1 ||    23
       Throwing net      |       |       |     1 ||     1
Invok: Bend Time         |       |     1 |     3 ||     4
       Temporal Distorti |       |       |     1 ||     1
  Use: Potion            |       |     1 |     6 ||     7
       Scroll            |       |       |     1 ||     1
Armor: Scale mail        |    58 |    48 |    65 ||   171
       Skin              |       |       |    33 ||    33
Dodge: Dodged            |    28 |    34 |    31 ||    93
Block: Kite shield       |    59 |    51 |    61 ||   171
       Rpst.: Long sword |     7 |     7 |       ||    14
       Scimitar          |       |     2 |     6 ||     8

Table legend: (Time is in decaauts)
 A = Elapsed time spent in this place.
 B = Non-inter-level travel time spent in this place.
 C = Inter-level travel time spent in this place.
 D = Time resting spent in this place.
 E = Time spent auto-exploring this place.
 F = Levels seen in this place.
 G = Mean time per level.
                   A        B        C        D        E       F      G
               +--------+--------+--------+--------+--------+-----+--------+
         Total |   6186 |   6078 |    108 |    871 |   3609 |   6 | 1031.0 |
       Dungeon |   5122 |   5014 |    108 |    544 |   3417 |   5 | 1024.4 |
         Sewer |   1064 |   1064 |      0 |    327 |    192 |   1 | 1064.0 |
               +--------+--------+--------+--------+--------+-----+--------+

Top non-repeatable levels by time:
     D:3: 1404 daAuts
   Sewer: 1064 daAuts
     D:4: 1043 daAuts
     D:5: 912 daAuts
     D:2: 890 daAuts
     D:1: 871 daAuts
